 Dungeon Crawl Stone Soup version 0.21-a0-504-g2eda330 (webtiles) character file.

21 Gwenloh the Ruffian (level 2, -1/23 HPs)
             Began as a Draconian Transmuter on Nov 25, 2017.
             Slain by a goblin
             ... wielding a +0 club
              (3 damage)
             ... on level 1 of the Dungeon.
             The game lasted 00:01:54 (258 turns).

Gwenloh the Ruffian (Draconian Transmuter)           Turns: 258, Time: 00:01:55

Health: -1/23      AC:  4    Str: 12    XL:     2   Next: 65%
Magic:  2/5        EV: 12    Int: 13    God:
Gold:   33         SH:  0    Dex: 11    Spells: 3/6 levels left

rFire    . . .     SeeInvis .     - Unarmed
rCold    . . .     Gourm    .   (no shield)
rNeg     . . .     Faith    .   (armour unavailable)
rPois    .         Spirit   .   (helmet restricted)
rElec    .         Reflect  .   (no cloak)
rCorr    .         Harm     .   (no gloves)
MR       .....                  (boots currently unavailable)
Stlth    +.........             (no amulet)
HPRegen  0.07/turn              (no ring)
MPRegen  0.09/turn              (no ring)

@: appendage (expiring), very slightly contaminated
A: unfitting armour, talons 3, cold-blooded, AC +4
a: End Transformation


You were on level 1 of the Dungeon.
You were not hungry.
You had grown temporary talons.
You visited 1 branch of the dungeon, and saw 1 of its levels.

You collected 33 gold pieces.

Inventory:

Missiles
 a - 12 arrows
 d - 13 bolts
Potions
 e - a potion of ambrosia {unknown}
 g - a potion of curing {unknown}
Books
 b - a book of Changes

   Spells                             Type                      Level
   a - Beastly Appendage              Transmutation                1
   b - Sticks to Snakes               Transmutation                2
   c - Spider Form                    Transmutation/Poison         3
   d - Ice Form                       Ice/Transmutation            4
   e - Blade Hands                    Transmutation                5
Comestibles
 c - 2 bread rations
 f - 5 chunks of flesh


   Skills:
 - Level 1.1 Fighting
 - Level 1.7 Dodging
 - Level 3.0 Unarmed Combat
 + Level 2.6 Spellcasting
 + Level 2.7 Transmutations


You had 3 spell levels left.
You knew the following spells:

 Your Spells              Type           Power        Failure   Level  Hunger
a - Beastly Appendage     Tmut           #.....       8%          1    #......
b - Sticks to Snakes      Tmut           #.......     12%         2    ###....


Dungeon Overview and Level Annotations

Branches:
Dungeon (1/15)

Altars:


Innate Abilities, Weirdness & Mutations

Your plain brown scales are hard. (AC +4)
You cannot fit into any form of body armour.
You are cold-blooded and may be slowed by cold attacks.
You have claws for feet.


Message History

Confirm with . or Enter, or press ? or * to list all spells.
You don't have enough magic to cast that spell.
The hobgoblin hits you with a club.
* * * LOW HITPOINT WARNING * * *
There is an open door here.
The leopard gecko barely misses you.
You miss the leopard gecko. The leopard gecko bites you.
* * * LOW HITPOINT WARNING * * *
You closely miss the leopard gecko. The leopard gecko barely misses you.
Casting: Sticks to Snakes
Confirm with . or Enter, or press ? or * to list all spells.
Your feet morph into talons.
Your transformation is almost over.
The leopard gecko closely misses you.
You barely miss the leopard gecko. The leopard gecko closely misses you.
You barely miss the leopard gecko. You claw the leopard gecko.
You kill the leopard gecko!
You barely miss the goblin.
Your tail-slap misses the goblin.
The goblin hits you with a club.
You die...

#...........#
#..###...#+#####.
####........# ##.## #......#
.. #........###..####.#.#..+
.. ##...))..##..##....#....#
..
######.......##.###.#.#..#+##
#.
.............#..###...#.#..#
#.
.............).##g.....#...+
#.
.......######..##g#..#..##.#
#. .......# #)(#@#..g...##.#
#. .......#
#..##.#.#...##'#####.
.......#
#..#....#....#..#....
########
#..).#.#..#.....'....
#..##.....#.....#....
#..#.........#'#####.
#..##.#.....##.#...#.
#..##.#.....#..#...#.
#..###....##...'.รท.#.


You could see a hobgoblin and a goblin.

Vanquished Creatures
  2 leopard geckos (D:1)
  A giant cockroach (D:1)
  3 goblins (D:1)
  3 hobgoblins (D:1)
  4 jackals (D:1)
  A kobold (D:1)
  A bat (D:1)
15 creatures vanquished.

Notes
Turn   | Place    | Note
-------+----------+-------------------------------------------
     0 | D:1      | Gwenloh the Draconian Transmuter began the quest for the Orb.
     0 | D:1      | Reached XP level 1. HP: 16/16 MP: 3/3
    62 | D:1      | Reached XP level 2. HP: 23/23 MP: 3/5
    84 | D:1      | Learned a level 2 spell: Sticks to Snakes
   258 | D:1      | Slain by a goblin

Vault maps used:
D:1:      arrival_zaba_pyramid

Action                   || total
-------------------------++-------
Melee: Unarmed           ||    65
       Kick              ||     6
       Tailslap          ||     5
       Headbutt          ||     1
       Punch             ||     2
 Cast: Beastly Appendage ||     8
Armor: Skin              ||    12
Dodge: Dodged            ||    50

Table legend:
 A = Spawn XP
 B = Non-spawn XP
 C = Spawn XP percentage of total XP
 D = Spawn monster count
 E = Non-spawn monster count
 F = Spawn count percentage of total count
 G = Total turns spent on level
                    A         B        C        D         E        F      G
               +---------+---------+-------+---------+---------+-------+---------
         Total |       0 |      31 |   0.0 |       0 |      15 |   0.0 |   258
               +---------+---------+-------+---------+---------+-------+---------
           D:1 |       0 |      31 |   0.0 |       0 |      15 |   0.0 |   258
               +---------+---------+-------+---------+---------+-------+---------
